 Dungeon Crawl Stone Soup version 0.27.1-35-g4d5d836560 (console) character file.

Game seed: 12134983320306995450

884 grimtooth the Destroyer (level 8, -5/41 HPs)
             Began as a Tengu Conjurer on Mar 26, 2022.
             Was an Initiate of Vehumet.
             Slain by an ice beast (14 damage)
             ... on level 5 of the Dungeon on Mar 27, 2022.
             The game lasted 00:13:55 (4745 turns).

grimtooth the Destroyer (Tengu Conjurer)            Turns: 4745, Time: 00:13:56

Health: -5/41      AC:  3    Str:  8    XL:     8   Next: 5%
Magic:  10/15      EV: 15    Int: 20    God:    Vehumet [......]
Gold:   198        SH:  0    Dex: 13    Spells: 8/15 levels left

rFire    . . .     SeeInvis .   i - +0 short sword
rCold    . . .     Faith    .   (no shield)
rNeg     . . .     Spirit   .   w - +0 leather armour
rPois    .         Reflect  .   (helmet restricted)
rElec    .         Harm     .   h - scarf {repulsion}
rCorr    .         Rampage  .   (no gloves)
Will     .....                  (boots unavailable)
Stlth    ++........             (no amulet)
HPRegen  0.13/turn              (no ring)
MPRegen  0.14/turn              (no ring)

@: flying quickly and evasively, repel missiles, quick
A: beak, talons 3, nimble flight
a: Renounce Religion


You were on level 5 of the Dungeon.
You worshipped Vehumet.
Vehumet was noncommittal.
You visited 2 branches of the dungeon, and saw 7 of its levels.

You collected 198 gold pieces.

Inventory:

Hand Weapons
 i - a +0 short sword (weapon)
Missiles
 e - 7 javelins
 f - 39 stones (quivered)
 g - 15 poisoned darts
 m - 12 sling bullets
 v - 20 arrows
Armour
 a - a +0 robe
 h - a scarf of repulsion (worn)
 s - a +0 kite shield
 w - a +0 leather armour (worn)
Wands
 p - a wand of flame (13)
Scrolls
 b - a scroll of immolation {unknown}
 c - 2 scrolls of summoning {unknown}
 d - a scroll of enchant weapon {unknown}
 j - a scroll of fear {unknown}
 n - a scroll of teleportation {unknown}
 o - a scroll of brand weapon {unknown}
 u - a scroll of identify {unknown}
 x - a scroll of blinking {unknown}
Potions
 k - 2 potions of haste {unknown}
 l - a potion of curing {unknown}
 q - a potion of lignification {unknown}
 r - a potion of brilliance {unknown}
 t - a potion of heal wounds {unknown}


   Skills:
 + Level 5.2 Dodging
 - Level 2.0 Stealth
 - Level 4.0 Spellcasting
 - Level 9.0 Conjurations
 + Level 2.8 Translocations


You had 8 spell levels left.
You knew the following spells:

 Your Spells              Type           Power      Damage    Failure   Level
a - Magic Dart            Conj           100%       1d8       1%          1
b - Searing Ray           Conj           80%        3d6       1%          2
d - Iskenderun's Mystic   Conj/Tloc      27%        2d7       16%         4

Your spell library contained the following spells:

 Spells                   Type           Power      Damage    Failure   Level
 Dazzling Flash           Conj/Hex       44%        N/A       9%          3
 Gell's Gravitas          Tloc           7%         N/A       17%         3
 Lesser Beckoning         Tloc           7%         N/A       17%         3
 Teleport Other           Tloc           15%        N/A       17%         3
 Animate Skeleton         Necr           8%         N/A       19%         1
 Pain                     Necr           16%        1d4       19%         1
 Summon Small Mammal      Summ           16%        N/A       19%         1
 Fulminant Prism          Conj/Hex       11%        3d9       28%         4
 Call Canine Familiar     Summ           4%         N/A       50%         3
 Summon Guardian Golem    Hex/Summ       4%         N/A       50%         3
 Vampiric Draining        Necr           2%         2d6       50%         3


Dungeon Overview and Level Annotations

Branches:
Dungeon (6/15)             Temple (1/1) D:6

Altars:
Elyvilon
Okawaru
Uskayaw
Vehumet
Zin
The Shining One

Annotations:
D:4 3 runed translucent doors, cbfl8's ghost, novice MiDe


Innate Abilities, Weirdness & Mutations

You have a beak for a mouth.
You have claws for feet.
Your magical nature lets you fly swiftly and evasively.


Message History

The centaur wields a +0 shortbow.
The centaur shoots an arrow.
The arrow closely misses you.
The arrow closely misses the ice beast.
The centaur unwields a +0 shortbow.
The centaur hits you.
The centaur kicks you but does no damage.
The centaur hits you but does no damage.
The centaur kicks you but does no damage.
The centaur hits you but does no damage.
The centaur closely misses you. The centaur hits you.
The centaur kicks you but does no damage.
Casting: Searing Ray (safe; 1% risk of failure)
Confirm with . or Enter, or press ? or * to list all spells.
Aiming: Searing Ray (safe; 1% risk of failure)
Press: ? - help, Shift-Dir - straight line, f - water moccasin
Aim: a water moccasin (70% to hit)
The searing ray hits the centaur!
The centaur is heavily wounded.
The searing ray hits the ice beast!
The ice beast is moderately wounded.
The searing ray hits the water moccasin!
The water moccasin is moderately wounded. (Press . to maintain the ray.)
The centaur hits you. The centaur barely misses you. x3
The searing ray hits the centaur!
You kill the centaur!
Vehumet accepts your kill.
The searing ray hits the water moccasin!
The water moccasin is severely wounded.
The ice beast hits you. The ice beast freezes you!
* * * LOW HITPOINT WARNING * * *
Your Dodging skill increases to level 5!
You have reached level 8!
You feel stronger.
The searing ray hits the water moccasin.
You kill the water moccasin!
Vehumet accepts your kill. The ice beast hits you.
* * * LOW HITPOINT WARNING * * *
The ice beast freezes you!
You die...

#########
#...#...######
#...#.........
#.............
#.Y...........
#@)...<.......
#....##.......
####.# #.#..##
.... ......
.......#.#.#
....... ...
........ ...
......... ..


You could see an ice beast.

Vanquished Creatures
  2 water moccasins (D:5)
  2 black bears
  2 centaurs (D:5)
  A wyvern skeleton (D:5)
  3 hounds
  A jelly (D:4)
  2 orc priests (D:6)
  A centaur skeleton (D:5)
  An iguana (D:4)
  Natasha (D:4)
  A hound skeleton (D:4)
  4 adders
  A shadow imp (D:5)
  2 worms
  4 orcs
  A bat (D:1)
  8 endoplasms
  4 giant cockroaches
  6 goblins
  7 hobgoblins
  8 jackals
  3 quokkas
  6 ball pythons
  2 frilled lizards (D:2)
  5 kobolds
  A quokka skeleton (D:4)
  8 rats
87 creatures vanquished.

Notes
Turn   | Place    | Note
-------+----------+-------------------------------------------
     0 | D:1      | grimtooth the Tengu Conjurer began the quest for the Orb.
     0 | D:1      | Reached XP level 1. HP: 10/10 MP: 4/4
     0 | D:1      | - that's two ridiculous starts
   149 | D:1      | Reached XP level 2. HP: 15/15 MP: 1/6
   670 | D:1      | Reached XP level 3. HP: 17/19 MP: 0/7
   748 | D:1      | Reached skill level 6 in Conjurations
  1352 | D:2      | Found a faded altar of an unknown god.
  1544 | D:2      | Learned a level 2 spell: Searing Ray
  1986 | D:2      | Reached XP level 4. HP: 24/24 MP: 7/9
  2610 | D:3      | Found a white marble altar of Elyvilon.
  2717 | D:3      | Found an iron altar of Okawaru.
  3083 | D:4      | Gained mutation: Your magical nature lets you fly swiftly
                  | and evasively. [Tengu growth]
  3083 | D:4      | Reached XP level 5. HP: 28/28 MP: 5/11
  3193 | D:4      | Reached skill level 7 in Conjurations
  3331 | D:4      | Noticed a black bear
  3336 | D:4      | Killed a black bear
  3337 | D:4      | Reached skill level 8 in Conjurations
  3337 | D:4      | Reached XP level 6. HP: 32/32 MP: 7/13
  3538 | D:4      | Noticed cbfl8's ghost (novice MiDe)
  3547 | D:4      | Found a runed translucent gate.
  3547 | D:4      | Found a runed translucent gate.
  3549 | D:4      | Found a runed translucent gate.
  3580 | D:4      | Noticed Natasha
  3584 | D:4      | Killed Natasha
  4040 | D:4      | You are sucked into a shaft and drop 2 floors!
  4048 | D:6      | Reached skill level 9 in Conjurations
  4124 | D:6      | Found a staircase to the Ecumenical Temple.
  4131 | D:6      | Reached XP level 7. HP: 36/36 MP: 7/14
  4163 | Temple   | Entered the Ecumenical Temple
  4173 | Temple   | Became a worshipper of Vehumet
  4190 | D:6      | Learned a level 4 spell: Iskenderun's Mystic Blast
  4229 | D:5      | Entered Level 5 of the Dungeon
  4242 | D:5      | Reached skill level 1 in Translocations
  4745 | D:5      | Reached skill level 5 in Dodging
  4745 | D:5      | Reached XP level 8. HP: 10/41 MP: 11/15
  4745 | D:5      | Slain by an ice beast

Illustrated notes ############## #...?..@.....# ######++###### Turn 0 on D:1: - that's two ridiculous starts

Levels and vault maps discovered:
D:1:      lightli_arrival_isolated_outpost, layout_loops_ring
D:2:      minmay_inner_zag, layout_basic, shapermc_ecumenical_altar_hornbeckon
D:3:      layout_rooms, elyvilon_altar_3, lemuel_tele_altar
D:4:      layout_basic, gammafunk_ghost_split, uniq_natasha
D:5:      layout_basic, lemuel_zombie_altar_yredelemnul
D:6:      lemuel_slime, layout_basic, nemelex_altar_shiori,
          mainiacjoe_overflow_brackets, minmay_temple_entry_tees,
          grunt_tough_drop, uniq_edmund, uniq_duvessa
Temple:   eino_wide_crystal_templ

Skill      XL: |  1  2  3  4  5  6  7 |
---------------+----------------------+-----
Conjurations   | 6 8 9 |  9.0
Spellcasting   | 3 4 |  4.0
Dodging        | 3 5 |  5.2
Translocations | 2 |  2.8
Stealth        | |  2.0

Action                   |  1- 3 |  4- 6 |  7- 9 || total
-------------------------+-------+-------+-------++-------
Melee: Unarmed           |     1 |       |       ||     1
       Short sword       |       |     5 |     2 ||     7
       Peck              |       |     1 |       ||     1
Throw: Stone             |     2 |       |     3 ||     5
 Cast: Magic Dart        |    77 |    44 |       ||   121
       Searing Ray       |     1 |    16 |     9 ||    26
Armor: Robe              |       |     1 |     1 ||     2
       Leather armour    |       |       |     9 ||     9
Dodge: Dodged            |     4 |    10 |    19 ||    33
